Map: [ESL] Inside and Out

Players

Reynor - Winner!

  • Race: Zerg Zerg
  • Spawn Location: 1:00

Strange

  • Race: Protoss Protoss
  • Spawn Location: 7:00

Event: DreamHack SC2 Masters 2022 Atlanta (Online)

VOD

Have the link to the VOD?

Description

Time

  • Played on: Oct. 7, 2022, 11:44 a.m.
  • Length: 10:37

All games in this series

Show
View Real Time Build Order
Export as new Build Order

Reynor Zerg - Winner!

Build Orders: Hatch First 

Get SALT Encoding   

  12  0:00  Drone  
  13  0:12  Overlord  
  13  0:16  Drone  
  14  0:30  Drone x2  
  16  0:48  Hatchery  
  15  0:50  Drone  
  15  0:54  Drone  
  17  0:57  Drone  
  18  1:08  Extractor  
  17  1:12  Spawning Pool  
  17  1:15  Drone  
  17  1:18  Drone  
  18  1:27  Drone  
  19  1:38  Drone  
  20  1:49  Overlord  
  20  1:59  Queen x2  
  20  2:00  Drone x2  
  26  2:10  Zergling x2  
  26  2:11  Zergling x2  
  28  2:21  Drone x2  
  30  2:32  Drone  
  30  2:33  Drone  
  30  2:34  Metabolic Boost  
  32  2:37  Hatchery  
  32  2:43  Drone  
  32  2:44  Overlord  
  32  2:53  Drone  
  32  2:54  Queen, Drone  
  36  3:04  Drone  
  36  3:05  Drone  
  38  3:10  Overlord  
  38  3:11  Drone  
  38  3:12  Drone  
  40  3:16  Drone x2  
  42  3:25  Queen  
  42  3:26  Overlord  
  44  3:28  Drone  
  44  3:30  Queen  
  47  3:36  Drone  
  47  3:40  Drone  
  47  3:41  Drone  
  50  3:44  Roach Warren  
  50  3:45  Zergling x6  
  50  3:46  Zergling x2  
  52  3:49  Zergling x2  
  52  3:50  Zergling x2  
  52  3:53  Zergling x2  
  55  3:57  Overlord  
  55  4:00  Zergling x2  
  56  4:03  Spore Crawler, Drone  
  56  4:06  Spore Crawler  
  55  4:11  Drone  
  55  4:12  Drone  
  55  4:13  Overlord  
  57  4:25  Roach x6  
  57  4:27  Roach  
  71  4:32  Roach  
  71  4:35  Drone  
  71  4:36  Drone  
  71  4:37  Overlord  
  75  4:40  Drone x3  
  75  4:41  Drone  
  75  4:45  Drone x2  
  80  4:49  Drone  
  80  4:50  Drone  
  82  4:53  Overlord  
  82  4:55  Drone x3  
  82  4:58  Drone  
  85  5:01  Drone  
  85  5:03  Spore Crawler  
  83  5:08  Extractor  
  83  5:09  Drone x2  
  83  5:13  Drone  
  83  5:14  Extractor  
  84  5:18  Roach  
  84  5:19  Overlord  
  84  5:21  Roach  
  88  5:23  Roach x3  
  88  5:27  Overlord  
  93  5:28  Overlord  
  93  5:32  Overlord  
  93  5:45  Roach x2  
  93  5:46  Roach, Overlord  
  99  5:50  Roach x4  
  99  5:52  Zergling x8, Queen  
  99  5:55  Queen  
  99  5:57  Overlord  
  115  5:58  Roach x2  
  119  6:05  Roach x2  
  119  6:09  Zergling x2, Roach  
  119  6:10  Overlord  
  126  6:13  Roach x2  
  126  6:14  Overlord  
  126  6:16  Queen  
  126  6:18  Roach  
  134  6:19  Roach  
  134  6:23  Drone  
  137  6:26  Overlord  
  137  6:27  Drone  
  137  6:30  Drone x4  
  142  6:35  Roach x3  
  148  6:40  Overlord  
  145  7:03  Lair  
  145  7:05  Drone x2  
  145  7:06  Drone x3, Overlord  
  145  7:08  Drone x2  
  152  7:11  Drone x3  
  147  7:17  Drone, Hatchery  
  147  7:20  Drone  
  147  7:23  Spore Crawler  
  147  7:28  Drone x3, Hatchery  
  148  7:32  Drone x2, Extractor  
  149  7:37  Spore Crawler  
  144  7:49  Overlord  
  138  8:01  Overseer  
  138  8:03  Overseer  
  138  8:06  Roach Warren  
  138  8:07  Evolution Chamber  
  138  8:09  Drone x6  
  142  8:13  Queen, Drone  
  142  8:15  Drone  
  143  8:23  Drone x3  
  143  8:25  Drone  
  147  8:28  Drone x3  
  147  8:30  Drone x2  
  147  8:31  Overseer  
  152  8:38  Zerg Missile Weapons Level 1  
  152  8:44  Extractor  
  152  8:47  Spore Crawler, Extractor  
  149  8:51  Glial Reconstitution  
  149  8:52  Roach x2  
  149  8:55  Roach x5  
  166  9:02  Roach  
  166  9:03  Roach x4  
  166  9:06  Overlord  
  172  9:12  Spore Crawler, Roach x3, Extractor  
  172  9:15  Roach  
  172  9:16  Roach  
  180  9:19  Roach x2  
  180  9:22  Ravager x6  
  190  9:27  Roach x3  
  190  9:29  Roach  
  198  9:34  Ravager  
  198  9:38  Spine Crawler  
  198  9:49  Ravager  
  198  9:50  Ravager  
  187  10:18  Roach  
Show
View Real Time Build Order
Export as new Build Order

Strange Protoss 

Build Orders: 1 Gate Expand, Mass Adepts 

Get SALT Encoding   

  12  0:00  Probe  
  13  0:12  Probe  
  14  0:19  Pylon  
  14  0:24  Probe (Chrono Boost)  
  15  0:37  Probe (Chrono Boost), Gateway  
  16  0:46  Probe (Chrono Boost), Assimilator  
  17  0:51  Probe  
  18  1:04  Probe  
  19  1:16  Probe  
  20  1:22  Nexus  
  20  1:32  Cybernetics Core  
  20  1:34  Probe  
  20  1:39  Assimilator  
  21  1:46  Probe  
  22  1:49  Pylon  
  22  1:58  Probe (Chrono Boost)  
  23  2:08  Adept, Warp Gate  
  25  2:11  Probe (Chrono Boost)  
  26  2:18  Probe (Chrono Boost)  
  26  2:20  Twilight Council  
  27  2:25  Probe (Chrono Boost)  
  28  2:36  Probe (Chrono Boost)  
  30  2:37  Probe (Chrono Boost)  
  30  2:38  Stalker  
  33  2:45  Probe x2 (Chrono Boost)  
  33  2:51  Probe  
  33  2:54  Gateway  
  34  3:00  Resonating Glaives (Chrono Boost)  
  34  3:01  Probe, Gateway  
  34  3:03  Probe  
  36  3:09  Adept  
  38  3:13  Probe  
  38  3:15  Probe  
  38  3:17  Pylon  
  40  3:25  Probe  
  41  3:28  Probe  
  41  3:33  Pylon  
  42  3:37  Probe  
  43  3:43  Pylon  
  43  3:45  Nexus  
  43  3:55  Assimilator  
  43  3:58  Adept x3  
  49  4:06  Robotics Facility  
  49  4:18  Adept x3  
  55  4:29  Gateway x2  
  55  4:34  Gateway  
  55  4:38  Adept x3  
  55  4:44  Pylon  
  55  4:45  Pylon  
  61  4:51  Pylon  
  61  4:54  Pylon  
  61  4:55  Pylon  
  61  4:59  Warp Prism (Chrono Boost)  
  61  5:07  Stalker  
  63  5:17  Dark Shrine  
  63  5:21  Adept  
  63  5:25  Probe  
  66  5:32  Shield Battery  
  66  5:36  Pylon  
  66  5:37  Adept  
  68  5:46  Pylon  
  68  5:47  Pylon  
  68  5:51  Adept x5  
  68  5:54  Pylon  
  74  6:29  Dark Templar x4  
  66  7:11  Dark Templar x2  
  66  7:15  Dark Templar  
  56  7:24  Probe x2  
  56  7:28  Assimilator  
  58  7:31  Pylon  
  58  7:33  Pylon  
  58  7:42  Probe x2  
  47  7:54  Probe x2  
  47  7:55  Blink (Chrono Boost)  
  47  7:57  Immortal (Chrono Boost)  
  49  8:04  Adept x5  
  62  8:06  Probe  
  62  8:07  Probe  
  64  8:18  Probe  
  64  8:19  Probe  
  66  8:21  Immortal  
  66  8:26  Nexus  
  66  8:28  Pylon  
  66  8:30  Probe  
  66  8:31  Probe  
  66  8:33  Pylon  
  72  8:42  Probe, Assimilator  
  72  8:43  Probe  
  72  8:44  Robotics Bay  
  72  8:45  Robotics Facility  
  72  8:46  Assimilator  
  74  8:52  Sentry x2  
  74  8:53  Zealot x2  
  74  8:54  Probe  
  74  8:55  Shield Battery, Probe  
  84  8:59  Immortal (Chrono Boost)  
  88  9:07  Probe x2 (Chrono Boost)  
  88  9:09  Forge  
  92  9:18  Probe x2 (Chrono Boost)  
  92  9:23  Probe x2 (Chrono Boost)  
  92  9:27  Pylon  
  92  9:30  Disruptor (Chrono Boost)  
  94  9:32  Disruptor (Chrono Boost)  
  94  9:33  Probe x2  
  102  9:39  Probe  
  102  9:45  Probe x2  
  104  9:51  Probe  
  104  9:52  Gateway  
  106  9:53  Gateway  
  106  9:56  Sentry x2, Gateway  
  110  10:03  Photon Cannon  
  110  10:04  Photon Cannon  
  110  10:20  Stalker x4  
Tags
 
Add a new tag
Caveats
  • Supply blocks, unpowered buildings, or Contaminate may cause inaccurate times.
  • Supply counts are checked every 10 seconds.